 Dungeon Crawl Stone Soup version 0.31-a0-210-gccc998df9b (webtiles) character file.

Game seed: 3091200976670291654

158 qw the Chopper (level 5, -2/32 HPs)
             Began as a Gargoyle Fighter on June 30, 2023.
             Killed by divine providence
             ... invoked by an orc priest
              (13 damage)
             ... on level 3 of the Dungeon.
             The game lasted 00:01:01 (2089 turns).

qw the Chopper (Gargoyle Fighter)                   Turns: 2089, Time: 00:01:02

Health: -2/32      AC: 12    Str: 21    XL:     5   Next: 39%
Magic:  5/5        EV:  9    Int:  9    God:
Gold:   131        SH:  4    Dex:  9    Spells: 4/4 levels left

rFire   . . .        Y - +0 war axe
rCold   . . .        c - +0 buckler
rNeg    + . .        b - +0 scale mail
rPois   inf          (no helmet)
rElec   +            (no cloak)
rCorr   .            (no gloves)
SInv    .            g - +0 pair of boots
Will    .....        (no amulet) Stlth
                     (no ring)
HPRegen 0.25/turn    (no ring)
MPRegen 0.09/turn

%: no passive effects
@: no status effects
A: sickness immunity, AC +4, negative energy resistance 1, electricity
resistance, torment resistance 1, petrification resistance
a: no special abilities


You were on level 3 of the Dungeon.
You visited 1 branch of the dungeon, and saw 3 of its levels.

You collected 131 gold pieces.


Innate Abilities, Weirdness & Mutations

You are immune to sickness and miasma.
Your stone body is resilient. (AC +4)
You are immune to poison.
You resist negative energy. (rN+)
You are resistant to electric shocks. (rElec)
You are resistant to unholy torment.
You are immune to petrification.


   Skills:
 - Level 3.2 Fighting
 + Level 4.9 Axes
 - Level 3.2 Armour
 - Level 3.2 Shields


You had 4 spell levels left.
You didn't know any spells.
Your spell library was empty.

Inventory:

Hand Weapons
 e - a +0 flail
 Y - a +0 war axe (weapon)
Armour
 b - a +0 scale mail (worn)
 c - a +0 buckler (worn)
 g - a +0 pair of boots (worn)
Scrolls
 a - a scroll of fog {unknown}
Potions
 d - a potion of might
 f - a potion of mutation {unknown}
 i - a potion of enlightenment {unknown}
 j - 2 potions of curing

Dungeon Overview and Level Annotations

Branches:
Dungeon (3/15)

Altars:


Message History

An orc comes into view. It is wielding a +0 mace.
The adder hisses angrily.
The orc shouts!
The orc moves out of view.
You completely miss the kobold. The kobold barely misses you.
The kobold hits you but does no damage.
The orc shouts!
You hit the kobold.
You kill the kobold!
You closely miss the orc. The orc hits you with a +0 dagger.
You slash the orc!
You kill the orc!
You hit the orc but do no damage.
The orc priest invokes the aid of Beogh against you.
Beogh smites you! The adder closely misses you. The orc closely misses you.
You barely miss the adder. You slash the orc!
You kill the orc!
You barely miss the orc. The adder bites you.
The orc priest calls down the wrath of Beogh upon you.
Beogh smites you! The orc hits you but does no damage.
You miss the adder. You hit the orc. x2
The adder closely misses you. The orc barely misses you.
The orc closely misses you. The adder bites you.
You closely miss the orc.
The orc is heavily wounded.
You slash the orc!
You kill the orc!
You miss the adder. The adder closely misses you. The orc barely misses you.
You block the adder's attack.
You completely miss the orc.
The orc is heavily wounded.
You hit the orc priest. You closely miss the adder. The orc barely misses you.
The orc priest hits you but does no damage.
You block the adder's attack.
The orc priest invokes the aid of Beogh against you.
Beogh smites you!
You die...

#######.###.).#####
.%..........#.....#
#######.###...###.#
#.# ##.## #.# #.#
#.# #.# #.# #.# #.#
#.####.####.# #
..(......oo.##.#
#.###<...S@....#
......##.####
...... #.# .....
#.# ..... ... ...S
#.# )..o #.# #.#
#.#


You could see an orc priest, an adder and an orc.

Vanquished Creatures
  A hound (D:3)
  An iguana (D:3)
  4 adders
  A worm (D:2)
  3 dart slugs
  4 orcs (D:3)
  4 bats
  7 endoplasms
  A giant cockroach (D:1)
  4 goblins
  4 hobgoblins
  6 kobolds
  A quokka (D:2)
  5 ball pythons
  6 frilled lizards
52 creatures vanquished.

Notes
Turn   | Place    | Note
-------+----------+-------------------------------------------
     0 | D:1      | qw the Gargoyle Fighter began the quest for the Orb.
     0 | D:1      | Reached XP level 1. HP: 14/14 MP: 1/1
     0 | D:1      | 0 ||| qw: Version: 0.3-a-26-gee661ec
     0 | D:1      | 0 ||| qw: Game counter: 7297
     0 | D:1      | 0 ||| qw: Melee chars always use a shield: true
     0 | D:1      | 0 ||| qw: God list: Okawaru
     0 | D:1      | 0 ||| qw: Allow faded altars: false
     0 | D:1      | 0 ||| qw: Do Orc after clearing Dungeon:15 true
     0 | D:1      | 0 ||| qw: Do second Lair branch before Depths: true
     0 | D:1      | 0 ||| qw: Lair rune preference: random
     0 | D:1      | 0 ||| qw: Goals: Normal, Zot:1-4, Slime:5, God:TSO, Crypt,
                  | Tomb, Abyss, Pan, Hells, Win
     0 | D:1      | 0 ||| PLANNING D:1-11
    85 | D:1      | Reached skill level 2 in Axes
   190 | D:1      | Reached XP level 2. HP: 18/19 MP: 2/2
   212 | D:1      | Found a faded altar of an unknown god.
   221 | D:1      | 221 ||| Stepping ~*~*~tactically~*~*~ (hiding).
   557 | D:1      | Reached skill level 3 in Axes
   690 | D:1      | Reached XP level 3. HP: 23/23 MP: 3/3
   747 | D:1      | 747 ||| UPGRADING to +0 pair of boots.
   752 | D:1      | 752 ||| READING scroll labelled KOREAC UGUOP.
   853 | D:1      | 853 ||| READING scroll labelled OHODUR IRINI.
   854 | D:1      | 854 ||| DRINKING 3 green potions.
   872 | D:2      | 872 ||| Stepping ~*~*~tactically~*~*~ (stealth).
  1354 | D:2      | 1354 ||| Stepping ~*~*~tactically~*~*~ (hiding).
  1366 | D:2      | Reached XP level 4. HP: 28/28 MP: 4/4
  1434 | D:2      | 1434 ||| DROPPING +0 club.
  1780 | D:2      | 1780 ||| DROPPING +6 ring of intelligence.
  1781 | D:2      | 1781 ||| READING 2 scrolls labelled HOMNOV CEVYSYRR.
  1782 | D:2      | 1782 ||| READING scroll labelled MITAST CE GYEPAE.
  1783 | D:2      | 1783 ||| READING scroll labelled VACSANU WEOKOGH.
  1784 | D:2      | 1784 ||| DROPPING scroll of revelation.
  1860 | D:3      | 1860 ||| Stepping ~*~*~tactically~*~*~ (stealth).
  1861 | D:3      | 1861 ||| Stepping ~*~*~tactically~*~*~ (stealth).
  1864 | D:3      | Reached skill level 4 in Axes
  1870 | D:3      | 1870 ||| Stepping ~*~*~tactically~*~*~ (stealth).
  1889 | D:3      | Reached XP level 5. HP: 32/32 MP: 5/5
  2014 | D:3      | 2014 ||| DROPPING +0 whip.
  2078 | D:3      | 2078 ||| Stepping ~*~*~tactically~*~*~ (hiding).
  2079 | D:3      | 2079 ||| Stepping ~*~*~tactically~*~*~ (hiding).
  2089 | D:3      | Killed from afar by an orc priest

Levels and vault maps discovered:
D:1:      scummos_arrival_forest, layout_basic,
          shapermc_ecumenical_altar_starsandcircs
D:2:      layout_basic
D:3:      layout_loops_ring, minmay_misc_feat_rows

Skill      XL: |  1  2  3  4 |
---------------+-------------+-----
Axes           | 2 3 4 |  4.9
Fighting       | |  3.2
Armour         | |  3.2
Shields        | |  3.2

Action                     |  1- 3 |  4- 6 || total
---------------------------+-------+-------++-------
  Melee: War axe           |   113 |    36 ||   149
    Use: Scroll            |     2 |     3 ||     5
         Potion            |     1 |       ||     1
 Armour: Scale mail        |    48 |    17 ||    65
  Dodge: Dodged            |    41 |    17 ||    58
  Block: Buckler           |    19 |     6 ||    25

Table legend:
 A = Non-vault XP
 B = Vault XP
 C = Vault XP percentage of total XP
 D = Non-vault monster count
 E = Vault monster count
 F = Vault count percentage of total count
                 A         B        C        D         E       F
            +---------+---------+-------+---------+---------+-------
      Total |     226 |       0 |   0.0 |      52 |       0 |   0.0
            +---------+---------+-------+---------+---------+-------
        D:1 |      37 |       0 |   0.0 |      21 |       0 |   0.0
        D:2 |      52 |       0 |   0.0 |      18 |       0 |   0.0
        D:3 |     137 |       0 |   0.0 |      13 |       0 |   0.0
            +---------+---------+-------+---------+---------+-------
